Map: Coda LE (Void)

Players

UnsafeCode - Winner!

  • Race: Zerg Zerg
  • League: Grandmaster

Javert

  • Race: Zerg Zerg
  • League: Grandmaster

VOD

Have the link to the VOD?

Description

Time

  • Played on: June 25, 2015, 11:28 p.m.
  • Length: 4:41
Show
View Real Time Build Order
Export as new Build Order

UnsafeCode Zerg - Winner!

Build Orders: Hatch First 

Get SALT Encoding   

  12  0:01  Drone  
  13  0:09  Drone  
  14  0:17  Overlord  
  14  0:37  Drone x3  
  17  0:51  Drone  
  18  0:59  Drone  
  18  1:03  Hatchery  
  18  1:08  Extractor  
  18  1:09  Drone  
  18  1:19  Spawning Pool  
  18  1:21  Drone  
  18  1:36  Drone  
  19  1:43  Drone  
  20  1:52  Overlord  
  20  2:05  Queen  
  22  2:15  Queen  
  24  2:17  Zergling x6  
  24  2:21  Metabolic Boost  
  27  2:30  Zergling x4  
  29  2:40  Baneling Nest  
  28  3:00  Zergling x10  
  28  3:01  Zergling x2  
  34  3:26  Zergling x4  
  36  3:28  Overlord  
  36  3:31  Baneling x2  
  36  3:32  Baneling x3  
  36  3:33  Baneling  
  30  3:58  Zergling x2  
  30  3:59  Zergling x14  
  38  4:11  Zergling x4  
Show
View Real Time Build Order
Export as new Build Order

Javert Zerg 

Build Orders: Hatch First 

Get SALT Encoding   

  12  0:01  Drone  
  13  0:14  Overlord  
  13  0:19  Drone  
  14  0:33  Drone x2  
  16  0:51  Hatchery  
  16  0:55  Drone  
  16  1:01  Extractor  
  16  1:03  Drone  
  16  1:06  Drone  
  17  1:18  Drone  
  18  1:27  Spawning Pool  
  18  1:29  Drone  
  18  1:36  Drone  
  19  1:46  Overlord  
  19  1:52  Drone  
  20  2:02  Drone  
  21  2:09  Drone  
  21  2:15  Metabolic Boost, Queen  
  22  2:16  Queen  
  26  2:23  Zergling x4  
  26  2:29  Zergling x4  
  30  2:36  Zergling x4  
  32  2:46  Drone  
  33  3:00  Baneling Nest  
  32  3:10  Drone  
  32  3:11  Drone x3  
  33  3:56  Drone x2  
  35  4:07  Overlord  
  35  4:13  Drone  
  36  4:25  Hatchery  
  41  4:37  Spine Crawler  
Tags
 
Add a new tag
Caveats
  • Supply blocks, unpowered buildings, or Contaminate may cause inaccurate times.
  • Supply counts are checked every 10 seconds.